Map: Deathaura LE

Players

RiSky - Winner!

  • Race: Zerg Zerg
  • Spawn Location: 11:00

NXZ

  • Race: Zerg Zerg
  • Spawn Location: 5:00

Event: DreamHack SC2 Masters 2020 Summer Oceania RoA

VOD

Have the link to the VOD?

Description

Time

  • Played on: June 25, 2020, 4:40 a.m.
  • Length: 9:50

All games in this series

Show
View Real Time Build Order
Export as new Build Order

RiSky Zerg - Winner!

Build Orders: Hatch First 

Get SALT Encoding   

  12  0:00  Drone  
  13  0:12  Overlord  
  13  0:17  Drone  
  14  0:30  Drone  
  14  0:31  Drone  
  16  0:47  Hatchery  
  15  0:51  Drone  
  15  0:55  Drone  
  17  0:58  Drone  
  18  1:09  Extractor  
  17  1:14  Spawning Pool  
  17  1:16  Drone  
  17  1:20  Drone  
  18  1:28  Drone  
  19  1:38  Drone  
  20  1:49  Overlord  
  20  2:00  Queen x2  
  25  2:01  Zergling x4  
  25  2:08  Spine Crawler  
  25  2:11  Zergling x4  
  27  2:18  Metabolic Boost  
  28  2:23  Drone x2  
  30  2:32  Drone  
  30  2:35  Drone  
  30  2:36  Baneling Nest  
  31  2:44  Overlord  
  29  2:58  Hatchery  
  29  3:00  Drone x2  
  29  3:04  Zergling x4  
  31  3:11  Drone x2  
  33  3:14  Drone  
  33  3:18  Evolution Chamber  
  33  3:19  Baneling  
  33  3:20  Drone  
  33  3:22  Drone  
  36  3:27  Zergling x4  
  36  3:31  Drone x2  
  39  3:35  Drone  
  40  3:41  Drone x2  
  40  3:42  Drone  
  43  3:51  Zerg Ground Armor Level 1  
  43  3:56  Drone  
  43  4:02  Drone  
  44  4:04  Overlord  
  44  4:08  Drone  
  42  4:13  Drone x7  
  49  4:18  Overlord  
  49  4:22  Overlord, Queen  
  51  4:25  Zergling x4  
  51  4:27  Drone x2  
  51  4:29  Drone  
  56  4:33  Drone  
  56  4:36  Overlord  
  57  4:38  Drone  
  57  4:43  Drone x2  
  57  4:44  Drone x2  
  57  4:45  Drone, Zergling x4  
  64  4:49  Lair  
  64  4:51  Extractor, Zergling x4  
  64  4:52  Extractor  
  65  4:53  Baneling x2  
  65  4:56  Baneling  
  65  4:57  Zergling x4  
  67  5:02  Zergling x2  
  68  5:10  Zergling x4  
  70  5:16  Extractor  
  70  5:17  Drone x2, Overlord, Extractor  
  70  5:18  Zergling x4  
  72  5:23  Overlord  
  72  5:27  Overlord, Zergling x2  
  72  5:28  Zergling x6  
  72  5:29  Baneling x2  
  72  5:31  Drone, Queen x2  
  72  5:33  Zergling x2  
  72  5:34  Zergling x4  
  80  5:40  Zergling x2  
  80  5:41  Zergling x2  
  81  5:45  Drone  
  81  5:47  Extractor  
  81  5:49  Spire  
  80  5:51  Overlord  
  80  5:52  Drone  
  80  5:54  Drone  
  82  5:57  Spore Crawler  
  82  5:58  Spore Crawler, Queen  
  82  5:59  Spore Crawler  
  82  6:01  Zergling x6  
  84  6:09  Zergling x2  
  84  6:10  Zergling x8  
  84  6:14  Zergling x4  
  80  6:20  Zergling x2  
  79  6:26  Zergling x10  
  79  6:29  Drone  
  84  6:33  Zerg Melee Weapons Level 1  
  84  6:36  Zergling x4  
  77  6:43  Zergling x4  
  76  6:48  Zergling x2  
  76  6:51  Zergling x2  
  78  6:55  Zergling x2  
  78  6:59  Drone  
  72  7:04  Mutalisk  
  72  7:05  Mutalisk  
  72  7:07  Mutalisk  
  74  7:10  Mutalisk  
  74  7:14  Mutalisk, Queen  
  80  7:19  Mutalisk  
  80  7:22  Mutalisk x3  
  82  7:23  Mutalisk  
  82  7:27  Zerg Flyer Armor Level 1  
  82  7:28  Overlord  
  82  7:29  Mutalisk x2, Overlord  
  90  7:32  Overlord  
  90  7:34  Mutalisk  
  95  7:38  Overlord  
  95  7:40  Zergling x2  
  96  7:44  Overlord  
  96  7:49  Mutalisk  
  96  7:53  Mutalisk x2  
  99  7:59  Zergling x10  
  99  8:01  Mutalisk  
  106  8:05  Mutalisk  
  106  8:10  Overlord  
  106  8:11  Zergling x2  
  109  8:14  Mutalisk  
  111  8:26  Hatchery, Mutalisk  
  111  8:27  Mutalisk  
  106  8:29  Zergling x4  
  106  8:32  Mutalisk  
  109  8:35  Zergling x4  
  109  8:37  Mutalisk  
  113  8:43  Drone x4  
  113  8:46  Mutalisk  
  119  8:53  Mutalisk  
  120  8:58  Zergling x12  
  125  9:03  Mutalisk  
  125  9:08  Mutalisk  
  129  9:17  Mutalisk x2, Extractor  
  129  9:18  Overlord x2  
  129  9:20  Extractor  
  131  9:31  Drone x3  
Show
View Real Time Build Order
Export as new Build Order

NXZ Zerg 

Build Orders: Pool First 

Get SALT Encoding   

  12  0:00  Drone  
  13  0:12  Overlord  
  13  0:16  Drone  
  14  0:31  Drone x2  
  14  0:35  Drone  
  17  0:42  Extractor  
  16  0:45  Drone  
  17  0:50  Spawning Pool  
  17  0:56  Drone  
  17  1:07  Drone  
  18  1:17  Hatchery  
  17  1:22  Drone  
  18  1:36  Queen  
  18  1:37  Zergling x2  
  21  1:42  Metabolic Boost  
  21  1:49  Overlord  
  21  1:52  Drone  
  22  2:09  Baneling Nest  
  22  2:12  Drone, Queen  
  22  2:15  Drone  
  25  2:27  Zergling x2  
  25  2:29  Queen  
  28  2:31  Drone  
  28  2:36  Drone  
  30  2:42  Drone  
  30  2:43  Drone  
  32  2:46  Drone x2  
  32  2:48  Drone  
  35  2:53  Drone  
  36  3:00  Lair  
  36  3:05  Extractor  
  34  3:07  Spine Crawler  
  34  3:10  Overlord  
  33  3:13  Baneling x2  
  33  3:15  Drone  
  34  3:21  Drone x2  
  36  3:28  Drone x4  
  36  3:30  Drone  
  36  3:32  Drone  
  42  3:34  Drone  
  42  3:39  Overlord  
  43  3:42  Drone  
  44  4:01  Drone x6, Spire  
  48  4:04  Drone x2  
  48  4:08  Extractor x2  
  48  4:13  Zergling x2  
  48  4:14  Zergling x2  
  50  4:25  Zergling x4  
  52  4:31  Overlord  
  52  4:36  Hatchery  
  51  4:39  Drone  
  52  4:50  Zergling x2  
  52  4:51  Zergling x10  
  58  4:57  Drone x2  
  58  4:59  Overlord  
  60  5:00  Overlord  
  60  5:02  Baneling x2  
  59  5:17  Mutalisk x4  
  67  5:24  Drone  
  67  5:27  Mutalisk  
  67  5:28  Mutalisk x2  
  73  5:31  Drone x3  
  73  5:34  Overlord x2  
  76  5:37  Zerg Flyer Weapons Level 1  
  75  5:45  Evolution Chamber  
  75  5:49  Mutalisk  
  76  5:54  Zergling x6  
  76  5:56  Zergling x2  
  80  6:03  Mutalisk  
  80  6:04  Mutalisk  
  80  6:09  Zergling x2  
  80  6:10  Zergling x10  
  76  6:21  Mutalisk x2  
  76  6:25  Zergling x6  
  76  6:32  Mutalisk  
  76  6:35  Zergling x2  
  76  6:36  Zergling x2  
  70  6:43  Zergling x4  
  68  6:47  Zergling x2  
  68  6:49  Queen x2  
  68  6:52  Queen  
  72  6:56  Mutalisk x2  
  72  6:58  Zergling x12  
  80  7:04  Mutalisk  
  80  7:08  Drone  
  80  7:10  Zerg Melee Weapons Level 1  
  81  7:17  Baneling  
  81  7:18  Baneling  
  81  7:21  Drone  
  81  7:22  Drone x3  
  85  7:24  Mutalisk  
  87  7:33  Mutalisk  
  89  7:38  Overlord  
  89  7:39  Mutalisk  
  89  7:41  Drone  
  89  7:42  Drone  
  93  7:49  Overlord  
  93  7:50  Overlord  
  93  7:54  Extractor  
  93  7:55  Extractor  
  88  8:01  Drone x3  
  88  8:02  Drone x3  
  88  8:04  Mutalisk  
  96  8:07  Zergling x2  
  96  8:08  Overlord  
  96  8:11  Overlord  
  97  8:26  Mutalisk x2  
  95  8:32  Zergling x2  
  95  8:33  Zergling x18  
  103  8:35  Mutalisk  
  103  8:39  Mutalisk  
  103  8:41  Mutalisk  
  107  8:47  Mutalisk  
  101  9:03  Mutalisk  
  101  9:05  Hatchery, Mutalisk  
  102  9:12  Zergling x4  
  104  9:18  Mutalisk x2  
  104  9:22  Zergling x4  
Tags
 
Add a new tag
Caveats
  • Supply blocks, unpowered buildings, or Contaminate may cause inaccurate times.
  • Supply counts are checked every 10 seconds.